 Dungeon Crawl Stone Soup version 0.18-a0-1089-gaeddbbb (webtiles) character file.

86 Kel the Chopper (level 4, -4/40 HPs)
             Began as a Minotaur Fighter on Jan 15, 2016.
             Slain by a gnoll
             ... wielding a +0 flail
              (8 damage)
             ... on level 2 of the Dungeon.
             The game lasted 00:06:06 (1890 turns).

Kel the Chopper (Minotaur Fighter)                  Turns: 1890, Time: 00:06:06

Health: -4/40      AC:  7    Str: 21    XL:     4   Next: 27%
Magic:  12/12      EV:  9    Int:  5    God:
Gold:   89         SH:  0    Dex: 10    Spells: 0 memorised, 3 levels left

rFire  . . .     SeeInvis .     a - +0 war axe
rCold  . . .     Gourm    .     b - +0 scale mail
rNeg   . . .     Faith    .     (no shield)
rPois  .         Spirit   .     (helmet restricted)
rElec  .         Dismiss  .     (no cloak)
rCorr  .         Reflect  .     (no gloves)
SustAt .         Harm     .     (no boots)
MR     .....                    (no amulet)
Stlth  ..........               (no ring)
                                r - ring of magical power

@: not resistant to hostile enchantments, extremely unstealthy
A: retaliatory headbutt, horns 2
a: no special abilities


You were on level 2 of the Dungeon.
You were not hungry.

You visited 1 branch of the dungeon, and saw 3 of its levels.

You collected 89 gold pieces.

Inventory:

Hand Weapons
 a - a +0 war axe (weapon)
Missiles
 l - 5 poisoned javelins (quivered)
 p - 7 poisoned needles
Armour
 b - a +0 scale mail (worn)
Jewellery
 r - a ring of magical power (left hand)
Scrolls
 e - a scroll of remove curse
 h - a scroll of identify
Potions
 d - a potion of might
 g - a potion of curing
 j - a potion of ambrosia
 q - 2 potions of haste
 u - a potion of mutation {unknown}
Comestibles
 c - 2 meat rations
 f - 3 bread rations
 m - a beef jerky
 n - 7 fruits
 s - a slice of pizza


   Skills:
 - Level 4.0 Fighting
 + Level 4.7 Axes
 - Level 4.1 Armour
   Level 3.9 Shields


You had 3 spell levels left.
You didn't know any spells.

Dungeon Overview and Level Annotations

Branches:
Dungeon (3/15)

Altars:
Ashenzari
Nemelex Xobeh
Pakellas
Trog
Zin

Annotations:
D:3 Robin; daazs's ghost, amateur HESk


Innate Abilities, Weirdness & Mutations

You reflexively headbutt those who attack you in melee.
You have a pair of horns on your head.


Message History

You are too injured to fight recklessly!
You are too injured to fight recklessly!
You miss the giant newt. You completely miss the goblin.
You hit the gnoll but do no damage. You barely miss the gnoll.
The gnoll is severely wounded.
The gnoll hits you but does no damage. The giant newt barely misses you.
The goblin hits you but does no damage. The gnoll barely misses you.
You slash the giant newt!
You kill the giant newt!
You hit the gnoll.
The gnoll is severely wounded.
You hit the gnoll.
The gnoll is lightly wounded.
You hit the goblin.
You kill the goblin!
The gnoll closely misses you. The gnoll hits you with a flail!
* * * LOW HITPOINT WARNING * * *
The gnoll hits you but does no damage. The gnoll hits you with a flail!
You die...

##.........###.....##..
#...........##...#.##.#
#...........>.........#
#...........##.#.#....#
##..........###.#.##....
######..#...#...###..#.#..(..
#......####g##....#....#...##
#.....## #g##.............#.
#....## #>@...........#....
#....######g)...............#
#............................
#....######.##...............
#....# #.###..............
#....# #.# ##.##...#......
#....# #.## #.##.#.#......
###########..# #.##.#.#....##
##.....#.....###.##.#.#..###(


You could see 2 gnolls and a goblin (frenzied).

Vanquished Creatures
  2 adders (D:2)
  An ooze (D:2)
  A worm (D:2)
  2 giant geckos (D:1)
  An orc (D:2)
  3 giant cockroaches (D:1)
  10 goblins
  8 hobgoblins
  7 jackals
  6 kobolds
  4 bats
  A giant newt (D:2)
  5 rats
51 creatures vanquished.

Notes
Turn   | Place    | Note
--------------------------------------------------------------
     0 | D:1      | Kel the Minotaur Fighter began the quest for the Orb.
     0 | D:1      | Reached XP level 1. HP: 19/19 MP: 0/0
   182 | D:1      | Reached XP level 2. HP: 27/27 MP: 1/1
   428 | D:1      | Reached skill level 4 in Armour
   608 | D:1      | Reached XP level 3. HP: 30/33 MP: 2/2
  1206 | D:2      | Found an oddly glowing altar of Pakellas.
  1365 | D:2      | Found a glowing silver altar of Zin.
  1365 | D:2      | Found a sparkling altar of Nemelex Xobeh.
  1369 | D:2      | Found a shattered altar of Ashenzari.
  1369 | D:2      | Found a bloodstained altar of Trog.
  1540 | D:3      | Noticed daazs's ghost (amateur HESk)
  1550 | D:2      | Reached XP level 4. HP: 9/40 MP: 3/3
  1881 | D:3      | Noticed Robin
  1890 | D:2      | Slain by a gnoll

Vault maps used:
D:1:      minmay_arrival_split_and_join
D:2:      lemuel_round_altar, grunt_temple_overflow_open, first_bread,
          supply_closet_lemuel, minmay_misc_feat_enclosed
D:3:      gup_sewer_entry_bubbles, uniq_robin

Action                   |  1- 3 |  4- 6 || total
-------------------------+-------+-------++-------
Melee: War axe           |    73 |     7 ||    80
  Use: Scroll            |     8 |       ||     8
  Eat: Chunk             |     2 |     1 ||     3
